 Dungeon Crawl Stone Soup version 0.29-a0-490-g77b3608 (webtiles) character file.

Game seed: 1586191940707847942

2916 Toastz the Quickloader (level 9, -2/84 HPs)
             Began as a Minotaur Hunter on May 26, 2022.
             Was an Initiate of Hepliaklqana.
             Slain by a hornet (3 damage)
             ... on level 7 of the Dungeon.
             The game lasted 00:14:22 (8603 turns).

Toastz the Quickloader (Minotaur Hunter)            Turns: 8603, Time: 00:14:23

Health: -2/84      AC: 16    Str: 16    XL:     9   Next: 50%
Magic:  0/8        EV: 11    Int:  6    God:    Hepliaklqana [......]
Gold:   305        SH:  0    Dex: 18    Spells: 8/8 levels left

rFire   . . .      SeeInvis .   a - +1 hand crossbow
rCold   . . .      Faith    .   (no shield)
rNeg    + . .      Spirit   +   y - +2 scale mail {Will+}
rPois   .          Reflect  .   (helmet restricted)
rElec   .          Harm     .   (no cloak)
rCorr   .          Rampage  .   u - +2 pair of gloves
Will    +....                   b - +2 pair of boots
Stlth   ..........              E - amulet of guardian spirit
HPRegen 0.24/turn               C - ring of positive energy
MPRegen 0.11/turn               (no ring)

@: lethally poisoned (-2 -> -7), flying, slowed, very slow
A: horns 2, retaliatory headbutt
a: Renounce Religion


You were on level 7 of the Dungeon.
You worshipped Hepliaklqana.
Hepliaklqana was noncommittal.
You visited 2 branches of the dungeon, and saw 9 of its levels.

You collected 350 gold pieces.
You spent 45 gold pieces at shops.

Inventory:

Hand Weapons
 a - a +1 hand crossbow (weapon)
Missiles
 o - 9 poisoned darts
 z - 3 curare-tipped darts
Armour
 b - a +2 pair of boots (worn)
 q - the +2 robe "Lounucw" {+Blink rN+ Will+ Str-5}
   (You found it on level 2 of the Dungeon)

   Str:       It affects your strength (-5).
   rN:        It protects you from negative energy.
   +Blink:    It lets you blink.
   Will:      It increases your willpower.
 u - a +2 pair of gloves (worn)
 y - a +2 scale mail of willpower (worn)
 F - a +2 plate armour of willpower
 H - the +10 crystal plate armour of Mirth {rPois Str+7}
   (You found it on level 7 of the Dungeon)

   Str:       It affects your strength (+7).
   rPois:     It protects you from poison.
 I - +0 steam dragon scales
Jewellery
 C - a ring of positive energy (left hand)
 E - an amulet of guardian spirit (around neck)
Wands
 f - a wand of flame (29)
 v - a wand of polymorph (7)
Scrolls
 c - 4 scrolls of immolation
 e - a scroll of noise {unknown}
 g - 2 scrolls of poison
 i - 2 scrolls of torment
 j - 3 scrolls of teleportation
 l - a scroll of vulnerability {unknown}
 m - 2 scrolls of amnesia
 p - a scroll of blinking {unknown}
 r - 2 scrolls of fog
 t - a scroll of enchant weapon {unknown}
 w - a scroll of magic mapping {unknown}
 x - 2 scrolls of fear {unknown}
Potions
 d - a potion of ambrosia {unknown}
 k - 2 potions of berserk rage {unknown}
 n - 3 potions of might
 s - 2 potions of brilliance
 A - a potion of invisibility {unknown}
 D - a potion of magic {unknown}
 G - a potion of mutation {unknown}


   Skills:
 + Level 9.5 Fighting
 - Level 10.0 Crossbows
 + Level 7.7 Armour
 + Level 3.6 Dodging
 - Level 0.7 Stealth


You had 8 spell levels left.
You didn't know any spells.
Your spell library was empty.

Dungeon Overview and Level Annotations

Branches:
Dungeon (8/15)             Temple (1/1) D:7
   Lair: D:8-11

Altars:
Ashenzari
Cheibriados
Dithmenos
Elyvilon
Fedhas
Gozag
Hepliaklqana
Kikubaaqudgha
Makhleb
Nemelex Xobeh
Okawaru
Qazlal
Ru
Sif Muna
Trog
Uskayaw
Vehumet
Wu Jian
Xom
Zin
The Shining One

Shops:
D:4 :[*=   D:6 :


Innate Abilities, Weirdness & Mutations

You have a pair of horns on your head.
You reflexively headbutt those who attack you in melee.


Message History

The hornet is moderately wounded.
The hornet stings you but does no damage.
The hornet barely misses you. You furiously retaliate!
You headbutt the hornet. The hornet barely misses you.
Shoot: a) +1 hand crossbow
Press: ? - help, Q - select action, (/) - cycle Shift-Dir - straight line, f/p - hornet
Aim: a hornet (moderately wounded, 61% to hit)
You shoot a bolt. The bolt hits the hornet.
The hornet is moderately wounded.
The hornet stings you but does no damage.
The hornet closely misses you.
The hornet stings you but does no damage.
Shoot: a) +1 hand crossbow
Press: ? - help, Q - select action, (/) - cycle Shift-Dir - straight line, f/p - hornet
Aim: a hornet (moderately wounded, 61% to hit)
You shoot a bolt.
The bolt hits the hornet but does no damage.
The hornet is moderately wounded.
The hornet stings you.
* * * LOW HITPOINT WARNING * * *
You are poisoned.
You feel as though you will be slow longer.
The hornet stings you.
* * * LOW HITPOINT WARNING * * *
You feel as though you will be slow longer.
Shoot: a) +1 hand crossbow
Press: ? - help, Q - select action, (/) - cycle Shift-Dir - straight line, f/p - hornet
Aim: a hornet (moderately wounded, 61% to hit)
You shoot a bolt. The bolt hits the hornet.
The hornet is heavily wounded.
You feel very sick. The hornet barely misses you. The hornet misses you.
The hornet stings you!
* * * LOW HITPOINT WARNING * * *
You feel as though you will be slow longer.
It was a potion of flight.
You feel very buoyant.
You fly up into the air.
* * * LOW HITPOINT WARNING * * *
You feel sick. The hornet stings you.
You die...

.......#
#.################
.......#####.#..........#
####......##.#.########.#
#...#####.#.#......#.#
#.)##...###........#.#
######......####.######.#
.....#..#.#..#>.Y.....<.#
.....#..._...'†#y########
.....##.#.#..###@#
.....##.....## #.#
.....###...## #.# .....#
##### #.# .....# #.#
.....# #.#
.....###########+##
.....##...........#
.....##...........#


You could see a yak and a hornet.

Vanquished Creatures
  Grinder (D:3)
  Sigmund (D:4)
  2 yaks
  A steam dragon (D:8)
  Eustachio (D:6)
  Menkaure (D:4)
  3 water moccasins
  A black bear (D:7)
  An ice beast (D:6)
  An orc warrior (D:7)
  A phantom (D:7)
  3 bullfrogs (D:7)
  2 necrophages
  Blork the orc (D:4)
  2 scorpions (D:7)
  A howler monkey (D:6)
  4 hounds
  A jelly (D:6)
  Ijyb (D:4)
  Jessica (D:3)
  2 gnoll shamans
  Terence (D:3)
  3 orc wizards (D:7)
  Natasha (D:3)
  3 iguanas
  13 gnolls
  4 adders
  4 white imps
  3 dart slugs
  10 orcs
  4 ball pythons
  3 bats (D:1)
  5 endoplasms
  A giant cockroach (D:1)
  2 hobgoblins (D:1)
  4 kobolds
  2 quokkas
  3 frilled lizards
  6 goblins
  5 rats
109 creatures vanquished.

Vanquished Creatures (others)
  7 plants (D:8)
7 creatures vanquished.

Grand Total: 116 creatures vanquished

Notes
Turn   | Place    | Note
-------+----------+-------------------------------------------
     0 | D:1      | Toastz the Minotaur Hunter began the quest for the Orb.
     0 | D:1      | Reached XP level 1. HP: 18/18 MP: 0/0
   161 | D:1      | Reached XP level 2. HP: 25/25 MP: 1/1
   408 | D:1      | Reached skill level 5 in Crossbows
   933 | D:2      | Reached XP level 3. HP: 31/31 MP: 2/2
  1076 | D:2      | Found a faded altar of an unknown god.
  1102 | D:2      | Identified the +2 robe "Lounucw" {+Blink rN+ Will+ Str-5}
  1684 | D:3      | Noticed Jessica
  1686 | D:3      | Killed Jessica
  1687 | D:3      | Reached XP level 4. HP: 38/38 MP: 3/3
  1725 | D:3      | Noticed Grinder
  1738 | D:3      | Paralysed by Grinder for 3 turns
  1745 | D:3      | Killed Grinder
  1746 | D:3      | Reached skill level 7 in Crossbows
  1746 | D:3      | Reached XP level 5. HP: 15/47 MP: 4/4
  1746 | D:3      | Reached XP level 6. HP: 18/55 MP: 5/5
  2515 | D:3      | Noticed Terence
  2525 | D:3      | Killed Terence
  2526 | D:3      | Reached skill level 5 in Fighting
  2821 | D:3      | Noticed Natasha
  2832 | D:3      | Killed Natasha
  3048 | D:4      | Found Pounot's Armour Boutique.
  3058 | D:4      | Noticed Sigmund
  3105 | D:4      | Noticed Menkaure
  3108 | D:4      | Reached skill level 1 in Armour
  3277 | D:4      | Killed Menkaure
  3278 | D:4      | Reached XP level 7. HP: 61/61 MP: 6/6
  3310 | D:4      | Bought a +0 pair of boots for 45 gold pieces
  3344 | D:4      | Noticed Blork the orc
  3360 | D:4      | Killed Blork the orc
  3361 | D:4      | Reached skill level 8 in Crossbows
  3396 | D:4      | Found Fearihao's General Store.
  3448 | D:4      | Noticed Ijyb
  3461 | D:4      | Killed Ijyb
  3545 | D:4      | Found Dunel's Jewellery Boutique.
  3748 | D:4      | Killed Sigmund
  4058 | D:4      | Found Qanawat's Book Shoppe.
  4109 | D:5      | Entered Level 5 of the Dungeon
  4598 | D:5      | Reached XP level 8. HP: 71/71 MP: 7/7
  4819 | D:5      | Reached skill level 9 in Crossbows
  5121 | D:6      | Found Dibieh's Book Shoppe.
  5340 | D:6      | Noticed Eustachio
  5385 | D:6      | Killed Eustachio
  5902 | D:6      | Reached skill level 10 in Crossbows
  5902 | D:6      | Reached skill level 5 in Armour
  6817 | D:7      | Found a staircase to the Ecumenical Temple.
  6829 | Temple   | Entered the Ecumenical Temple
  7093 | Temple   | Became a worshipper of Hepliaklqana the Forgotten
  7287 | D:7      | Reached XP level 9. HP: 81/81 MP: 8/8
  7320 | D:7      | Found a hide-covered altar of Uskayaw.
  8016 | D:7      | Identified the +10 crystal plate armour of Mirth {rPois
                  | Str+7}
  8517 | D:8      | Noticed a komodo dragon
  8589 | D:7      | Paralysed by a hornet for 2 turns
  8602 | D:7      | HP: 3/84 [hornet (9)]
  8603 | D:7      | HP: 1/84 [poisoned by a hornet]
  8603 | D:7      | Slain by a hornet

Illustrated notes

Levels and vault maps discovered:
D:1:      minmay_arrival_up_and_down, layout_basic, minmay_split_cup_small
D:2:      layout_basic, shapermc_ecumenical_altar_notcrosses
D:3:      layout_basic, uniq_grinder, uniq_natasha, uniq_jessica, uniq_terence
D:4:      layout_basic, serial_shops, kennysheep_mini, nicolae_shop_waterfront,
          shop, shop, uniq_sigmund, uniq_blork_the_orc, uniq_ijyb, uniq_menkaure
D:5:      cheibrodos_quashed, layout_basic
D:6:      layout_basic, serial_shops, kennysheep_little_box, uniq_eustachio
D:7:      layout_basic, minmay_temple_entry_waves, kennysheep_small_circle
D:8:      layout_cave_pools, lemuel_mausoleum_altar_yredelemnul,
          david_lair_shrubbed, gammafunk_ghost_nasty_kobolds,
          chequers_serial_rivers_small_b
Temple:   nicolae_temple_the_god_donut

Skill      XL: |  1  2  3  4  5  6  7  8  9 |
---------------+----------------------------+-----
Crossbows      | 5 7 8 10 | 10.0
Fighting       | 3 4 5 6 8 9 |  9.5
Armour         | 1 3 6 7 |  7.7
Dodging        | 3 |  3.6
Stealth        | |  0.7

Action                   |  1- 3 |  4- 6 |  7- 9 || total
-------------------------+-------+-------+-------++-------
 Fire: Hand crossbow     |    69 |    87 |   425 ||   581
  Use: Scroll            |       |       |    15 ||    15
       Potion            |       |       |     5 ||     5
Armor: Leather armour    |     4 |     4 |       ||     8
       Robe              |     1 |       |       ||     1
       Scale mail        |       |    14 |   196 ||   210
Dodge: Dodged            |     9 |    25 |   173 ||   207

Table legend: (Time is in decaauts)
 A = Elapsed time spent in this place.
 B = Non-inter-level travel time spent in this place.
 C = Inter-level travel time spent in this place.
 D = Time resting spent in this place.
 E = Time spent auto-exploring this place.
 F = Levels seen in this place.
 G = Mean time per level.
                   A        B        C        D        E       F      G
               +--------+--------+--------+--------+--------+-----+--------+
         Total |   8745 |   8418 |    327 |   1591 |   5594 |   9 |  971.7 |
       Dungeon |   8470 |   8177 |    293 |   1591 |   5371 |   8 | 1058.8 |
        Temple |    274 |    240 |     34 |      0 |    223 |   1 |  274.0 |
               +--------+--------+--------+--------+--------+-----+--------+

Top non-repeatable levels by time:
     D:3: 1729 daAuts
     D:6: 1461 daAuts
     D:7: 1396 daAuts
     D:5: 979 daAuts
     D:4: 911 daAuts
     D:2: 898 daAuts
     D:1: 628 daAuts
     D:8: 465 daAuts
  Temple: 274 daAuts
